 Dungeon Crawl Stone Soup version 0.24-a0-368-g0e0cebd (webtiles) character file.

1158 diablosword the Spear-Bearer (level 8, -1/70 HPs)
             Began as a Minotaur Berserker on Nov 9, 2018.
             Was a Priest of Trog.
             Slain by an orc wizard
             ... wielding a +2 dagger of venom
              (2 damage)
             ... on level 5 of the Dungeon on May 29, 2019.
             The game lasted 00:16:19 (4064 turns).

diablosword the Spear-Bearer (Minotaur Berserker)   Turns: 4064, Time: 00:16:20

Health: -1/70      AC:  9    Str: 23    XL:     8   Next: 16%
Magic:  7/7        EV: 13    Int:  4    God:    Trog [***...]
Gold:   177        SH:  0    Dex: 11    Spells: 7/7 levels left

rFire    . . .     SeeInvis .   a - +0 spear
rCold    + . .     Gourm    .   (no shield)
rNeg     . . .     Faith    .   l - +0 ring mail
rPois    .         Spirit   .   (helmet restricted)
rElec    .         Reflect  .   (no cloak)
rCorr    +         Harm     .   (no gloves)
MR       ++...                  j - +2 pair of boots
Stlth    +.........             (no amulet)
HPRegen  1.21/turn              p - ring of protection from cold
MPRegen  0.10/turn              v - ring of resist corrosion

@: lethally poisoned (-1 -> -16), about to teleport, berserk cooldown,
regenerating, slowed, very slow
A: retaliatory headbutt, horns 2
a: Berserk, Trog's Hand, Renounce Religion


You were on level 5 of the Dungeon.
You worshipped Trog.
Trog was most pleased with you.
You were hungry.

You visited 1 branch of the dungeon, and saw 5 of its levels.

You collected 177 gold pieces.

Inventory:

Hand Weapons
 a - a +0 spear (weapon)
 s - a +0 battleaxe
 t - a +2 dagger of distortion
Armour
 b - a +0 animal skin
 j - a +2 pair of boots (worn)
 l - a +0 ring mail (worn)
Magical Staves
 x - an uncursed staff of wizardry {unknown}
Jewellery
 p - a ring of protection from cold (left hand)
 v - a ring of resist corrosion (right hand)
Wands
 r - a wand of iceblast (9)
 w - a wand of clouds (6)
Scrolls
 d - 6 scrolls of teleportation
 g - 3 scrolls of identify {unknown}
 h - a scroll of fog
 i - a scroll of amnesia {unknown}
 m - a scroll of remove curse {unknown}
 y - a scroll of fear {unknown}
 z - a scroll of immolation {unknown}
Potions
 e - a potion of degeneration {unknown}
 f - 2 potions of brilliance {unknown}
 k - a potion of haste {unknown}
 n - 3 potions of lignification {unknown}
 o - a potion of resistance {unknown}
 q - a potion of might {unknown}
 u - 2 potions of curing {unknown}
Comestibles
 c - 6 rations


   Skills:
 + Level 6.2 Fighting
 + Level 8.5 Polearms
 + Level 5.4 Armour
 + Level 4.7 Dodging
 + Level 1.3 Stealth


You had 7 spell levels left.
You didn't know any spells.
Your spell library was empty.

Dungeon Overview and Level Annotations

Branches:
Dungeon (5/15)
 Temple: D:4-7

Altars:
Ashenzari
Cheibriados
Okawaru
Sif Muna
The Shining One


Innate Abilities, Weirdness & Mutations

You reflexively headbutt those who attack you in melee.
You have a pair of horns on your head.


Message History

You are lethally poisoned!
You miss something.
* * * LOW HITPOINT WARNING * * *
You feel very sick. Something hits you.
* * * LOW HITPOINT WARNING * * *
You are more poisoned.
You hit something but do no damage.
* * * LOW HITPOINT WARNING * * *
You feel very sick.
You hear some strange, mumbled words.
A puff of flame appears from out of thin air!
The puff of flame hits you.
* * * LOW HITPOINT WARNING * * *
As you read the scroll of teleportation, it crumbles to dust.
You feel strangely unstable.
* * * LOW HITPOINT WARNING * * *
You feel very sick. Something barely misses you. Something hits you.
You die...

.##..[..###.....#
..#.....# #.....#
#.......# #.##..##
........###.##...#
..........>.##...##
...⌠.........##...#
...........#####..#######
.................{†......
................@)).....#
.........................
................#........
........#.......##......#
.....##.#....... .....##
....## ..##..... .##....
..... ...#..... .# #...
..#. ......... .. !#..
...


There were no monsters in sight!

Vanquished Creatures
  The ghost of Heh the Slasher, an amateur DsSk (D:3)
  An ogre (D:4)
  A centaur (D:5)
  A big kobold (D:3)
  2 scorpions (D:5)
  A howler monkey (D:5)
  A crimson imp (D:5)
  2 hounds (D:4)
  An orc priest (D:3)
  A jelly (D:5)
  2 centaur skeletons
  4 worker ants
  A hound zombie (D:5)
  3 hound skeletons
  A howler monkey skeleton (D:4)
  11 adders
  An ooze (D:2)
  5 worms (D:2)
  2 dart slugs (D:2)
  4 leopard geckos
  16 orcs
  7 bats
  3 giant cockroaches
  9 goblins
  16 hobgoblins
  2 jackals (D:1)
  2 quokkas (D:3)
  3 frilled lizards
  17 kobolds
  A leopard gecko skeleton (D:5)
  6 rats
128 creatures vanquished.

Notes
Turn   | Place    | Note
-------+----------+-------------------------------------------
     0 | D:1      | diablosword the Minotaur Berserker began the quest for the
                  | Orb.
     0 | D:1      | Reached XP level 1. HP: 19/19 MP: 0/0
   135 | D:1      | Reached XP level 2. HP: 25/27 MP: 1/1
   874 | D:1      | Reached XP level 3. HP: 15/33 MP: 2/2
   977 | D:1      | Reached skill level 4 in Polearms
  1027 | D:1      | Reached ** piety under Trog
  1396 | D:2      | Found an iron altar of Okawaru.
  1475 | D:2      | Found a snail-covered altar of Cheibriados.
  1752 | D:2      | Reached XP level 4. HP: 38/41 MP: 3/3
  1887 | D:2      | Found a glowing golden altar of the Shining One.
  2291 | D:3      | Upgraded the game from 0.23-a0-416-g33f1def to
                  | 0.23-a0-444-g76343ca
  2309 | D:3      | Found a shattered altar of Ashenzari.
  2373 | D:3      | Found a runed gate.
  2374 | D:3      | Found a runed gate.
  2374 | D:3      | Noticed Heh's ghost (amateur DsSk)
  2375 | D:3      | Found a runed gate.
  2376 | D:3      | Noticed a big kobold
  2412 | D:3      | Reached skill level 5 in Polearms
  2413 | D:3      | Killed a big kobold
  2413 | D:3      | Reached skill level 5 in Fighting
  2413 | D:3      | Reached XP level 5. HP: 48/48 MP: 4/4
  2422 | D:3      | Killed Heh's ghost
  2422 | D:3      | Reached skill level 6 in Polearms
  2422 | D:3      | Reached skill level 1 in Stealth
  2422 | D:3      | Reached XP level 6. HP: 53/56 MP: 5/5
  2575 | D:3      | Reached *** piety under Trog
  2841 | D:4      | Reached XP level 7. HP: 54/61 MP: 6/6
  2860 | D:4      | Upgraded the game from 0.23-a0-444-g76343ca to
                  | 0.24-a0-181-gd121a6d
  2860 | D:4      | Upgraded the game from 0.24-a0-181-gd121a6d to
                  | 0.24-a0-368-g0e0cebd
  3006 | D:4      | Reached skill level 7 in Polearms
  3242 | D:4      | Found a deep blue altar of Sif Muna.
  3250 | D:4      | Reached skill level 5 in Armour
  3575 | D:5      | Entered Level 5 of the Dungeon
  3637 | D:5      | Reached skill level 8 in Polearms
  3637 | D:5      | Reached XP level 8. HP: 19/70 MP: 7/7
  4064 | D:5      | HP: 1/70 [poisoned by an orc wizard]
  4064 | D:5      | Slain by an orc wizard

Levels and vault maps discovered:
D:1:      dpeg_arrival_renting
D:2:      kennysheep_slug_shrine, tso_altar, first_ration, okawaru_trees_2
D:3:      ashenzari_altar_1, gammafunk_ghost_nasty_kobolds
D:4:      lemuel_doored_altar
D:5:      layout_cave_pools, zin_scriptorium, vehumet_statue,
          minmay_temple_entry_butterflies, serial_column_ruins,
          column_ruins_courtyard_long, column_ruins_courtyard_long,
          column_ruins_grid_4, column_ruins_corridor_straight,
          column_ruins_grid_3, column_ruins_open_small, column_ruins_grid_1,
          column_ruins_open_medium

Skill      XL: |  1  2  3  4  5  6  7 |
---------------+----------------------+-----
Fighting       | 4 5 6 |  6.2
Polearms       | 4 5 6 8 |  8.5
Armour         | 3 4 5 |  5.4
Dodging        | 3 4 |  4.7
Stealth        | 1 |  1.3

Action                   |  1- 3 |  4- 6 |  7- 9 || total
-------------------------+-------+-------+-------++-------
Melee: Spear             |   115 |   136 |   136 ||   387
       Headbutt          |    23 |    19 |    32 ||    74
Invok: Berserk           |       |     1 |     2 ||     3
       Trog's Hand       |       |       |     3 ||     3
  Use: Scroll            |       |     1 |     2 ||     3
 Stab: Sleeping          |     1 |       |       ||     1
  Eat: Ration            |     1 |     1 |     2 ||     4
Armor: Animal skin       |     5 |       |       ||     5
       Ring mail         |     5 |    38 |    49 ||    92
Dodge: Dodged            |    40 |    72 |    79 ||   191

Table legend:
 A = Non-vault XP
 B = Vault XP
 C = Vault XP percentage of total XP
 D = Non-vault monster count
 E = Vault monster count
 F = Vault count percentage of total count
                 A         B        C        D         E       F
            +---------+---------+-------+---------+---------+-------
      Total |    1269 |     386 |  23.3 |     116 |      12 |   9.4
            +---------+---------+-------+---------+---------+-------
        D:1 |      50 |       0 |   0.0 |      27 |       0 |   0.0
        D:2 |      70 |       4 |   5.4 |      22 |       1 |   4.3
        D:3 |     180 |     382 |  68.0 |      32 |      11 |  25.6
        D:4 |     410 |       0 |   0.0 |      17 |       0 |   0.0
        D:5 |     559 |       0 |   0.0 |      18 |       0 |   0.0
            +---------+---------+-------+---------+---------+-------
